 Dungeon Crawl Stone Soup version 0.29-a0-22-gbf593b16ee (webtiles) character file.

Game seed: 3339092125476586382

38 HallandMoats the Skirmisher (level 3, 29/29 HPs)
             Began as a Demonspawn Fighter on Jan 29, 2022.
             Was a Follower of Trog.
             Got out of the dungeon alive.
             The game lasted 00:01:05 (928 turns).

HallandMoats the Skirmisher (Demonspawn Fighter)     Turns: 928, Time: 00:01:06

Health: 29/29      AC:  6    Str: 18    XL:     3   Next: 25%
Magic:  4/4        EV:  9    Int:  9    God:    Trog [*.....]
Gold:   25         SH:  4    Dex: 12    Spells: 2/2 levels left

rFire   . . .      SeeInvis .   a - +0 war axe
rCold   . . .      Faith    .   c - +0 buckler
rNeg    . . .      Spirit   .   b - +0 scale mail
rPois   .          Reflect  .   (no helmet)
rElec   .          Harm     .   (no cloak)
rCorr   .          Rampage  .   (no gloves)
Will    .....                   (no boots)
Stlth   ..........              (no amulet)
HPRegen 0.09/turn               (no ring)
MPRegen 0.09/turn               (no ring)

@: no status effects
A: hooves 1
a: Renounce Religion, Berserk


You escaped.
You worshipped Trog.
Trog was aware of your devotion.
You visited 1 branch of the dungeon, and saw 2 of its levels.

You collected 25 gold pieces.

Inventory:

Hand Weapons
 a - a +0 war axe (weapon)
Armour
 b - a +0 scale mail (worn)
 c - a +0 buckler (worn)
Scrolls
 e - 2 scrolls of teleportation {unknown}
 f - 3 scrolls of identify {unknown}
 g - a scroll of enchant armour {unknown}
 i - a scroll of vulnerability {unknown}
Potions
 d - a potion of might
 h - a potion of curing {unknown}
 j - a potion of heal wounds {unknown}


   Skills:
 * Level 3.2 Fighting
 * Level 2.2 Axes
 + Level 2.8 Armour
 + Level 0.6 Dodging
 + Level 2.8 Shields
 * Level 1.8 Invocations


You had 2 spell levels left.
You didn't know any spells.
Your spell library contained the following spells:

 Spells                   Type           Power      Damage    Failure   Level
 Static Discharge         Conj/Air       0%         N/A       95%         2
 Dispel Undead            Necr           0%         3d6       100%        4
 Sticky Flame             Conj/Fire      0%         2d3       100%        4


Dungeon Overview and Level Annotations

Branches:
Dungeon (2/15)

Altars:
Trog


Innate Abilities, Weirdness & Mutations

You have large cloven feet.


Message History

No target in view!
No target in view!
No target in view!
No target in view!
No target in view!
No target in view!
No target in view!
No target in view!
No target in view!
No target in view!
No target in view!
No target in view!
No target in view!
No target in view!
No target in view!
No target in view!
No target in view!
(D) Dungeon
Where to? (Enter - D:2, ? - help)
What level of the Dungeon? (default 1, ? - help)
There is a stone staircase leading up here.
You climb upwards.
There is a stone staircase leading down here.
There is an open door here.
There is an open door here.
The naga shouts!
The minotaur bellows!
The formicid shouts!
The draconian roars!
The spriggan shouts!
The dwarf shouts!
The elf shouts!
The human shouts!
The ogre shouts!
The demonspawn shouts!
The demigod shouts!
The merfolk shouts!
The felid hisses angrily.
The octopode shouts!
The vine stalker shouts!
The troll shouts!
There is an open door here.
There is a staircase leading out of the dungeon here.
Are you sure you want to leave the Dungeon?
This will make you lose the game!
You have escaped!

#.### #.#
....###.#
#.#...#.#
..###.#.#
........#
###############
#p#6#p#m#x#f#V####
###############..#
..............'.@#
###############..#
#O#K#.#h#.#T#Q####
###############
#........#
#####.######.#
......# #.#
####### #.# #.#


There were no monsters in sight!

Vanquished Creatures
  An adder (D:2)
  A dart slug (D:1)
  4 bats
  3 endoplasms
  2 goblins (D:1)
  A hobgoblin (D:1)
  2 kobolds (D:1)
  6 ball pythons
  4 frilled lizards (D:1)
  2 rats
26 creatures vanquished.

Notes
Turn   | Place    | Note
-------+----------+-------------------------------------------
     0 | D:1      | HallandMoats the Demonspawn Fighter began the quest for the
                  | Orb.
     0 | D:1      | Reached XP level 1. HP: 18/18 MP: 1/1
     2 | D:1      | Noticed a vampire
     2 | D:1      | Noticed a tengu
     4 | D:1      | Noticed a vine stalker
     4 | D:1      | Noticed a troll
     6 | D:1      | Noticed an octopode
     8 | D:1      | Noticed a merfolk
     8 | D:1      | Noticed a felid
    10 | D:1      | Noticed a demigod
    12 | D:1      | Noticed a demonspawn
    14 | D:1      | Noticed a human
    14 | D:1      | Noticed an ogre
    16 | D:1      | Noticed an elf
    18 | D:1      | Noticed a spriggan
    18 | D:1      | Noticed a dwarf
    20 | D:1      | Noticed a draconian
    23 | D:1      | Noticed a minotaur
    23 | D:1      | Noticed a formicid
    25 | D:1      | Noticed a gargoyle
    25 | D:1      | Noticed a naga
    27 | D:1      | Noticed a ghoul
   135 | D:1      | Gained mutation: You have large cloven feet. [demonic
                  | ancestry]
   135 | D:1      | Reached XP level 2. HP: 23/24 MP: 2/2
   167 | D:1      | Reached skill level 1 in Invocations
   649 | D:2      | Reached XP level 3. HP: 22/29 MP: 4/4
   828 | D:2      | Found a faded altar of an unknown god.
   840 | D:2      | Prayed at the altar of an unknown god.
   840 | D:2      | Became a worshipper of Trog the Wrathful
   840 | D:2      | Reached * piety under Trog
   928 | D:$      | Got out of the dungeon alive.

Illustrated notes

Levels and vault maps discovered:
D:1:      kb_arrival_jail, layout_basic
D:2:      layout_basic, basic_ecumenical_altar, basic_altar,
          chequers_serial_rivers_micro_b, hangedman_decor_diamond_cutter,
          nrook_mini_vaults, kennysheep_minor_cross

Skill      XL: |  1  2 |
---------------+-------+-----
Axes           | 2 |  2.2
Invocations    | 1 |  1.8
Fighting       | |  3.2
Armour         | |  2.8
Dodging        | |  0.6
Shields        | |  2.8

Action                   || total
-------------------------++-------
Melee: War axe           ||    51
       Kick              ||     9
Armor: Scale mail        ||    26
Dodge: Dodged            ||    19
Block: Buckler           ||    13

Table legend: (Time is in decaauts)
 A = Elapsed time spent in this place.
 B = Non-inter-level travel time spent in this place.
 C = Inter-level travel time spent in this place.
 D = Time resting spent in this place.
 E = Time spent auto-exploring this place.
 F = Levels seen in this place.
 G = Mean time per level.
                   A        B        C        D        E       F      G
               +--------+--------+--------+--------+--------+-----+--------+
         Total |    950 |    827 |    123 |      0 |    668 |   2 |  475.0 |
       Dungeon |    950 |    827 |    123 |      0 |    668 |   2 |  475.0 |
               +--------+--------+--------+--------+--------+-----+--------+

Top non-repeatable levels by time:
     D:1: 703 daAuts
     D:2: 247 daAuts
